 Dungeon Crawl Stone Soup version 0.23-a0-677-g07611c5 (webtiles) character file.

60 gruber the Charmwright (level 4, -2/38 HPs)
             Began as a Gnoll Skald on Jan 9, 2019.
             Killed from afar by an orc wizard (9 damage)
             ... with a magic dart
             ... on level 3 of the Dungeon.
             The game lasted 00:01:53 (1275 turns).

gruber the Charmwright (Gnoll Skald)                Turns: 1275, Time: 00:01:54

Health: -2/38      AC:  3    Str: 13    XL:     4   Next: 4%
Magic:  11/11      EV: 14    Int: 17    God:
Gold:   73         SH:  0    Dex: 14    Spells: 12/13 levels left

rFire    . . .     SeeInvis .   a - +0 spear
rCold    . . .     Gourm    .   (no shield)
rNeg     . . .     Faith    .   b - +0 leather armour
rPois    .         Spirit   .   (no helmet)
rElec    .         Reflect  .   (no cloak)
rCorr    .         Harm     .   (no gloves)
MR       .....                  (no boots)
Stlth    +.........             (no amulet)
HPRegen  0.12/turn              (no ring)
MPRegen  0.12/turn              (no ring)

@: confused
A: distributed training, fangs 1, strong nose
a: no special abilities


You were on level 3 of the Dungeon.
You were not hungry.

You visited 1 branch of the dungeon, and saw 3 of its levels.

You collected 73 gold pieces.

Inventory:

Hand Weapons
 a - a +0 spear (weapon)
Armour
 b - a +0 leather armour (worn)
Jewellery
 m - an uncursed ring of wizardry {unknown}
Scrolls
 c - a scroll of remove curse {unknown}
 f - 2 scrolls of identify {unknown}
 j - a scroll of immolation {unknown}
 n - a scroll of enchant weapon {unknown}
Potions
 e - a potion of cancellation {unknown}
 g - 3 potions of curing {unknown}
 h - a potion of magic {unknown}
 i - a potion of berserk rage {unknown}
 k - a potion of heal wounds {unknown}
 l - a potion of haste {unknown}
Comestibles
 d - 6 rations


   Skills:
 + Level 4.6 Fighting
 + Level 1.0 Short Blades
 + Level 1.0 Long Blades
 + Level 1.0 Axes
 + Level 1.0 Maces & Flails
 + Level 4.6 Polearms
 + Level 1.0 Staves
 + Level 1.0 Slings
 + Level 1.0 Bows
 + Level 1.0 Crossbows
 + Level 1.0 Throwing
 + Level 2.7 Armour
 + Level 4.6 Dodging
 + Level 1.0 Stealth
 + Level 1.0 Shields
 + Level 1.0 Unarmed Combat
 + Level 5.0 Spellcasting
 + Level 0.7 Conjurations
 + Level 0.7 Hexes
 + Level 5.4 Charms
 + Level 0.7 Summonings
 + Level 0.7 Necromancy
 + Level 0.7 Translocations
 + Level 0.7 Transmutations
 + Level 0.7 Fire Magic
 + Level 0.7 Ice Magic
 + Level 0.7 Air Magic
 + Level 0.7 Earth Magic
 + Level 0.7 Poison Magic
 + Level 1.1 Invocations
 + Level 1.0 Evocations


You had 12 spell levels left.
You knew the following spells:

 Your Spells              Type           Power        Failure   Level  Hunger
a - Infusion              Chrm           ###.         1%          1    None

Your spell library contained the following spells:

 Spells                   Type           Power        Failure   Level  Hunger
 Song of Slaying          Chrm           ###.....     3%          2    #......
 Shroud of Golubria       Chrm/Tloc      ##........   8%          2    #......
 Regeneration             Chrm/Necr      ##........   16%         3    ###....
 Spectral Weapon          Hex/Chrm       ##......     16%         3    ###....


Dungeon Overview and Level Annotations

Branches:
Dungeon (3/15)

Altars:
Sif Muna


Innate Abilities, Weirdness & Mutations

Your experience applies equally to all skills.
You have very sharp teeth.
Your uncanny sense of smell can sniff out nearby items.


Message History

The orc wizard casts a spell at you. The puff of frost hits you!
The orc wizard points at you and mumbles some strange words.
You are confused.
You are too injured to fight recklessly!
You are too injured to fight recklessly!
Unknown command.
Unknown command.
You're too confused to cast spells.
Sorry, you're not good enough to have a special ability.
There is an open door here.
You're too confused!
You're too confused!
You bump into the granite statue.
The orc wizard gestures at you while chanting.
The puff of flame hits you!
* * * LOW HITPOINT WARNING * * *
The orc wizard casts a spell at you. The magic dart hits you!
You die...

#.# #.###...## #.......#.#
#.#####.##....>## #.#..##.#.#
........#......<## ##.#...#.#.#
#...####.........####....#.#.#.#
.......+.........+.............#
#...####...........##...#.##.###
#...# ###########.###.##.##.#
#.#.# ######..##.# #.##.##.#
..#.# #o§..#8.@#.# #.......#
.##.# #o≈..'._...# ####.####
.##.# #.≈..#8..### #.# .##.#
######..## #.#
....############## #.#
.................# #[#
##########.......# #.# #.[.....#
#.# #......#########.#


You could see an orc wizard.

Vanquished Creatures
  A gnoll (D:1)
  2 worms (D:2)
  A dart slug (D:1)
  A leopard gecko (D:1)
  5 bats
  3 giant cockroaches
  3 hobgoblins
  4 jackals (D:1)
  A kobold (D:1)
  A ball python (D:1)
  2 frilled lizards (D:1)
  8 goblins
  6 rats (D:1)
38 creatures vanquished.

Notes
Turn   | Place    | Note
-------+----------+-------------------------------------------
     0 | D:1      | gruber the Gnoll Skald began the quest for the Orb.
     0 | D:1      | Reached XP level 1. HP: 20/20 MP: 6/6
   102 | D:1      | Reached XP level 2. HP: 26/26 MP: 3/7
   238 | D:1      | Reached XP level 3. HP: 31/31 MP: 9/9
   257 | D:1      | Reached skill level 5 in Spellcasting
   464 | D:1      | Reached skill level 1 in Invocations
   842 | D:2      | Reached skill level 1 in Short Blades
   842 | D:2      | Reached skill level 1 in Long Blades
   842 | D:2      | Reached skill level 1 in Axes
   842 | D:2      | Reached skill level 1 in Maces & Flails
   842 | D:2      | Reached skill level 1 in Staves
   842 | D:2      | Reached skill level 1 in Slings
   842 | D:2      | Reached skill level 1 in Bows
   842 | D:2      | Reached skill level 1 in Crossbows
   842 | D:2      | Reached skill level 1 in Throwing
   842 | D:2      | Reached skill level 1 in Stealth
   842 | D:2      | Reached skill level 1 in Shields
   842 | D:2      | Reached skill level 1 in Unarmed Combat
   842 | D:2      | Reached skill level 1 in Evocations
  1059 | D:2      | Reached XP level 4. HP: 38/38 MP: 11/11
  1255 | D:3      | Found a deep blue altar of Sif Muna.
  1275 | D:3      | Killed from afar by an orc wizard

Vault maps used:
D:1:      onia_arrival_pentagram
D:2:      minmay_pentomino_pile, uniq_terence
D:3:      led_sif_book, first_ration, dk_vineyard_3,
          nicolae_qazlal_general_emergency

Skill      XL: |  1  2  3 |
---------------+----------+-----
Spellcasting   | 5 |  5.0
Invocations    | 1 |  1.1
Short Blades   | 1 |  1.0
Long Blades    | 1 |  1.0
Axes           | 1 |  1.0
Maces & Flails | 1 |  1.0
Staves         | 1 |  1.0
Slings         | 1 |  1.0
Bows           | 1 |  1.0
Crossbows      | 1 |  1.0
Throwing       | 1 |  1.0
Stealth        | 1 |  1.0
Shields        | 1 |  1.0
Unarmed Combat | 1 |  1.0
Evocations     | 1 |  1.0
Fighting       | |  4.6
Polearms       | |  4.6
Armour         | |  2.7
Dodging        | |  4.6
Conjurations   | |  0.7
Hexes          | |  0.7
Charms         | |  5.4
Summonings     | |  0.7
Necromancy     | |  0.7
Translocations | |  0.7
Transmutations | |  0.7
Fire Magic     | |  0.7
Ice Magic      | |  0.7
Air Magic      | |  0.7
Earth Magic    | |  0.7
Poison Magic   | |  0.7

Action                   |  1- 3 |  4- 6 || total
-------------------------+-------+-------++-------
Melee: Spear             |   101 |    14 ||   115
       Bite              |     7 |       ||     7
 Cast: Infusion          |     4 |     1 ||     5
 Stab: Sleeping          |     2 |     1 ||     3
  Eat: Chunk             |       |     1 ||     1
Armor: Leather armour    |     7 |       ||     7
Dodge: Dodged            |    49 |     2 ||    51

Table legend:
 A = Non-vault XP
 B = Vault XP
 C = Vault XP percentage of total XP
 D = Non-vault monster count
 E = Vault monster count
 F = Vault count percentage of total count
                 A         B        C        D         E       F
            +---------+---------+-------+---------+---------+-------
      Total |      73 |      13 |  15.1 |      33 |       5 |  13.2
            +---------+---------+-------+---------+---------+-------
        D:1 |      61 |       0 |   0.0 |      28 |       0 |   0.0
        D:2 |       8 |      13 |  61.9 |       3 |       5 |  62.5
        D:3 |       4 |       0 |   0.0 |       2 |       0 |   0.0
            +---------+---------+-------+---------+---------+-------
